 Dungeon Crawl Stone Soup version 0.29.1-2-gbd0b4ee654 (webtiles) character file.

Game seed: 9235536601092778806

73 GorkyZ the Chopper (level 4, -1/34 HPs)
             Began as a Demonspawn Gladiator on Nov 19, 2022.
             Succumbed to an adder's poison
             ... on level 2 of the Dungeon.
             The game lasted 00:04:42 (2181 turns).

GorkyZ the Chopper (Demonspawn Gladiator)           Turns: 2181, Time: 00:04:43

Health: -1/34      AC:  9    Str: 16    XL:     4   Next: 8%
Magic:  4/4        EV: 11    Int: 10    God:
Gold:   94         SH:  0    Dex: 14    Spells: 3/3 levels left

rFire   . . .      SeeInvis .   h - +0 hand axe
rCold   . . .      Faith    .   (no shield)
rNeg    . . .      Spirit   .   v - +0 ring mail
rPois   .          Reflect  .   c - +0 helmet
rElec   .          Harm     .   i - +2 cloak
rCorr   .          Rampage  .   (no gloves)
Will    .....                   (no boots)
Stlth   +.........              (no amulet)
HPRegen 0.11/turn               (no ring)
MPRegen 0.09/turn               (no ring)

@: lethally poisoned (-1 -> -14)
A: weakness stinger 2
a: no special abilities


You were on level 2 of the Dungeon.
You visited 1 branch of the dungeon, and saw 2 of its levels.

You collected 94 gold pieces.

Inventory:

Hand Weapons
 a - a +0 war axe
 h - a +0 hand axe (weapon)
Missiles
 d - 3 throwing nets (quivered)
 e - a javelin
 p - 9 poisoned darts
Armour
 b - a +0 leather armour
 c - a +0 helmet (worn)
 i - a +2 cloak (worn)
 v - a +0 ring mail (worn)
Jewellery
 n - an amulet of reflection
Scrolls
 g - 4 scrolls of identify {unknown}
 k - 2 scrolls of fear {unknown}
 o - a scroll of butterflies {unknown}
 r - a scroll of blinking {unknown}
 s - a scroll of teleportation {unknown}
 u - 4 scrolls of acquirement {unknown}
Potions
 f - 2 potions of curing {unknown}
 j - 2 potions of flight {unknown}
 l - a potion of heal wounds {unknown}
 m - 2 potions of haste {unknown}
 q - a potion of brilliance {unknown}
 t - a potion of degeneration {unknown}


   Skills:
 + Level 2.5 Fighting
 + Level 3.1 Axes
 + Level 2.3 Throwing
 + Level 1.3 Armour
 - Level 2.6 Dodging
 + Level 1.4 Evocations


You had 3 spell levels left.
You didn't know any spells.
Your spell library contained the following spells:

 Spells                   Type           Power      Damage    Failure   Level
 Freeze                   Ice            0%         1d3       58%         1
 Sublimation of Blood     Necr           0%         N/A       73%         2
 Wereblood                Tmut           0%         N/A       73%         2
 Frozen Ramparts          Ice            0%         1d1       91%         3
 Hailstorm                Conj/Ice       0%         3d3       100%        4
 Summon Hydra             Summ           0%         N/A       100%        7


Dungeon Overview and Level Annotations

Branches:
Dungeon (2/15)

Altars:

Shops:
D:1 :

Annotations:
D:2 Sigmund


Innate Abilities, Weirdness & Mutations

You have a tail ending in a sharp stinger.


Message History

Sigmund, a ball python, an adder and a dart slug come into view.
Sigmund is wielding a +0 scythe of venom.
Sigmund shouts!
The ball python hisses angrily.
The adder hisses angrily.
The adder barely misses you. Sigmund barely misses you.
You hit the adder but do no damage. The adder barely misses you.
The adder bites you but does no damage.
You closely miss the adder. Sigmund closely misses you.
The adder bites you but does no damage.
You miss the adder. The adder bites you.
You are poisoned.
The adder poisons you!
Sigmund hits you from afar with a +0 scythe of venom!
You are lethally poisoned!
The adder closely misses you.
You hit the adder.
The adder is heavily wounded.
You feel extremely sick. The adder closely misses you.
Sigmund closely misses you.
You are too injured to fight recklessly!
You feel very sick.
You are too injured to fight recklessly!
You are too injured to fight recklessly!
You are too injured to fight recklessly!
You miss the adder.
The adder is heavily wounded.
You feel very sick.
The adder bites you but does no damage. x2; Sigmund barely misses you.
You closely miss the adder.
The adder is heavily wounded.
* * * LOW HITPOINT WARNING * * *
You feel very sick. The adder bites you.
* * * LOW HITPOINT WARNING * * *
You are more poisoned.
The adder poisons you!
* * * LOW HITPOINT WARNING * * *
You feel very sick. The adder bites you.
* * * LOW HITPOINT WARNING * * *
You die...

#.# ### #.# ..#
#######.##########.#
.......w..wS....##.#
#S#######.##.#
########@#.....#.##.#
#.#......>S...........##
#.#...####.......#.##..####
#.#.......@........##......
#.#....###.#...#......####.
#.#....# #)#...#.#.##.# #.
##.#....# #.#..........# #.
#.......# #.##..###.##.####.
#...#.#.# #.#...............
#...#.#.###.################
#...#.......#..###...#..#..#
#...###.###......###...##.##


You could see Sigmund, an adder, a dart slug and a ball python.

Vanquished Creatures
  2 adders (D:2)
  2 dart slugs (D:1)
  4 bats
  8 endoplasms
  4 giant cockroaches
  4 goblins (D:2)
  3 hobgoblins (D:2)
  2 jackals (D:2)
  2 quokkas (D:2)
  3 ball pythons
  5 frilled lizards
  2 kobolds
  4 rats
45 creatures vanquished.

Notes
Turn   | Place    | Note
-------+----------+-------------------------------------------
     0 | D:1      | GorkyZ the Demonspawn Gladiator began the quest for the
                  | Orb.
     0 | D:1      | Reached XP level 1. HP: 16/16 MP: 1/1
   160 | D:1      | Noticed a golden eye
   164 | D:1      | Noticed a golden eye
   179 | D:1      | Found a faded altar of an unknown god.
   181 | D:1      | Noticed an eye of devastation
   181 | D:1      | Noticed a great orb of eyes
   399 | D:1      | Gained mutation: You have a small tail. [demonic ancestry]
   399 | D:1      | Reached XP level 2. HP: 22/22 MP: 2/2
   633 | D:1      | Found Idonnits's Book Boutique.
  1032 | D:2      | Reached skill level 1 in Evocations
  1032 | D:2      | Gained mutation: You have a tail ending in a sharp stinger.
                  | [demonic ancestry]
  1032 | D:2      | Reached XP level 3. HP: 28/28 MP: 3/3
  1211 | D:2      | Reached skill level 1 in Armour
  1430 | D:2      | Reached skill level 3 in Axes
  1938 | D:2      | Reached XP level 4. HP: 34/34 MP: 4/4
  2171 | D:2      | Noticed Sigmund
  2181 | D:2      | Succumbed to an adder's poison

Illustrated notes

Levels and vault maps discovered:
D:1:      co_arrival_square_in_a_square_in_a_square, layout_basic,
          hellmonk_ecumenical_altar_watching_god, serial_shops, shop,
          serial_park_tiny_1
D:2:      minmay_razor_zed, layout_basic, uniq_sigmund

Skill      XL: |  1  2  3 |
---------------+----------+-----
Throwing       | 2 |  2.3
Evocations     | 1 |  1.4
Armour         | 1 |  1.3
Axes           | 3 |  3.1
Fighting       | |  2.5
Dodging        | |  2.6

Action                   |  1- 3 |  4- 6 || total
-------------------------+-------+-------++-------
Melee: War axe           |    14 |       ||    14
       Hand axe          |   105 |    11 ||   116
       Punch             |     1 |       ||     1
       Tailslap          |     9 |       ||     9
 Stab: Sleeping          |     2 |       ||     2
Armor: Leather armour    |    33 |       ||    33
       Ring mail         |    14 |    10 ||    24
Dodge: Dodged            |    77 |    14 ||    91
